 Dungeon Crawl Stone Soup version 0.30-a0-116-g3b1a8e4ee4 (webtiles) character file.

Game seed: 2035389587996824358

12 frimble the Vexing (level 2, 0/21 HPs)
             Began as a Demonspawn Hexslinger on Sept 13, 2022.
             Slain by a kobold
             ... wielding a +2 dagger of holy wrath
              (4 damage)
             ... on level 1 of the Dungeon.
             The game lasted 00:00:25 (335 turns).

frimble the Vexing (Demonspawn Hexslinger)           Turns: 335, Time: 00:00:25

Health: 0/21       AC:  2    Str: 10    XL:     2   Next: 20%
Magic:  3/3        EV: 12    Int: 14    God:
Gold:   23         SH:  0    Dex: 13    Spells: 2/3 levels left

rFire   . . .      SeeInvis .    (no weapon)
rCold   . . .      Faith    .    (no shield)
rNeg    . . .      Spirit   .    c - +0 robe
rPois   .          Reflect  .    (no helmet)
rElec   .          Harm     .    (no cloak)
rCorr   .          Rampage  .    (no gloves)
Will    .....                    (no boots)
Stlth   +.........               (no amulet)
HPRegen 0.07/turn                (no ring)
MPRegen 0.08/turn                (no ring)

@: no status effects
A: demonic touch 1
a: no special abilities


You were on level 1 of the Dungeon.
You visited 1 branch of the dungeon, and saw 1 of its levels.

You collected 23 gold pieces.

Inventory:

Hand Weapons
 a - a +1 sling
Armour
 c - a +0 robe (worn)
Jewellery
 e - a ring of fire
Scrolls
 b - a scroll of poison
 f - a scroll of identify {unknown}
 g - a scroll of torment {unknown}
 i - a scroll of enchant weapon {unknown}
Potions
 d - a potion of attraction {unknown}
 h - 2 potions of cancellation {unknown}


   Skills:
 - Level 1.2 Fighting
 + Level 2.0 Ranged Weapons
 - Level 1.9 Dodging
 + Level 0.2 Unarmed Combat
 - Level 1.2 Spellcasting
 - Level 3.1 Hexes


You had 2 spell levels left.
You knew the following spells:

 Your Spells              Type           Power      Damage    Failure   Level
a - Slow                  Hex            36%        N/A       7%          1

Your spell library contained the following spells:

 Spells                   Type           Power      Damage    Failure   Level
 Apportation              Tloc           0%         N/A       26%         1
 Necrotise                Necr           0%         1d4       26%         1
 Summon Small Mammal      Summ           0%         N/A       26%         1
 Inner Flame              Hex/Fire       5%         N/A       38%         3
 Portal Projectile        Hex/Tloc       10%        N/A       38%         3
 Cause Fear               Hex            4%         N/A       56%         4
 Ignite Poison            Fire/Tmut/Pois 0%         N/A       61%         3
 Sticky Flame             Conj/Fire      0%         2d3       95%         4
 Fireball                 Conj/Fire      0%         3d3       100%        5
 Iskenderun's Battlesphe  Conj           0%         2d6       100%        5
 Conjure Ball Lightning   Conj/Air       0%         3x3d6     100%        6
 Orb of Destruction       Conj           0%         9d5       100%        7


Dungeon Overview and Level Annotations

Branches:
Dungeon (1/15)

Altars:


Innate Abilities, Weirdness & Mutations

Your touch may inflict minor irresistible damage on your foes.


Message History

Found an Everburning Encyclopedia.
HP restored.
You pick up an Everburning Encyclopedia and begin reading...
You add the spells Ignite Poison and Sticky Flame to your library.
A kobold and a ball python come into view.
The ball python hisses angrily.
The kobold shouts!
You hear a shout!
There are monsters nearby!
There are monsters nearby!
You closely miss the ball python.
You touch the ball python.
You kill the ball python!
A kobold comes into view.
It is wielding a +2 dagger of holy wrath.
The kobold hits you with a +0 club.
You hit the kobold but do no damage. The kobold hits you with a +0 club.
You hit the kobold but do no damage. The kobold closely misses you.
You miss the kobold. The kobold hits you with a +0 club.
You hit the kobold but do no damage. Your touch misses the kobold.
The kobold barely misses you.
You barely miss the kobold. The kobold barely misses you.
You hit the kobold.
The kobold is moderately wounded.
The kobold hits you with a +0 club.
You are too injured to fight recklessly!
You are too injured to fight recklessly!
You are too injured to fight recklessly!
You are too injured to fight recklessly!
You hit the kobold.
You touch the kobold.
You kill the kobold!
You hit the kobold.
The kobold is severely wounded.
The kobold hits you with a +2 dagger of holy wrath.
You convulse.
You closely miss the kobold. Your touch misses the kobold.
The kobold is severely wounded.
The kobold hits you with a +2 dagger of holy wrath.
You convulse.
* * * LOW HITPOINT WARNING * * *
You hit the kobold but do no damage. Your punch misses the kobold.
The kobold is heavily wounded.
The kobold hits you with a +2 dagger of holy wrath.
You die...

##### #...# #####
#...# #...####...## #
#.#.##.'....#####
#.#.##†#....##...
#.###.#.##.####.##.##
#..K@.#....# #.##.#.
############ #.##.#.
#....#. #########
#######. .........
........ .########
######## .# .# .#
########


You could see a kobold.

Vanquished Creatures
  4 ball pythons (D:1)
  An endoplasm (D:1)
  A giant cockroach (D:1)
  A goblin (D:1)
  A hobgoblin (D:1)
  A kobold (D:1)
  A bat (D:1)
  2 frilled lizards (D:1)
12 creatures vanquished.

Notes
Turn   | Place    | Note
-------+----------+-------------------------------------------
     0 | D:1      | frimble the Demonspawn Hexslinger began the quest for the
                  | Orb.
     0 | D:1      | Reached XP level 1. HP: 15/15 MP: 2/2
   160 | D:1      | Gained mutation: Your touch may inflict minor irresistible
                  | damage on your foes. [demonic ancestry]
   160 | D:1      | Reached XP level 2. HP: 21/21 MP: 3/3
   335 | D:1      | Slain by a kobold

Illustrated notes

Levels and vault maps discovered:
D:1:      dpeg_arrival_tiny_c, layout_basic

Skill      XL: |  1  2 |
---------------+-------+-----
Ranged Weapons | 2 |  2.0
Fighting       | |  1.2
Dodging        | |  1.9
Unarmed Combat | |  0.2
Spellcasting   | |  1.2
Hexes          | |  3.1

Action                   || total
-------------------------++-------
Melee: Unarmed           ||    17
       Touch             ||     2
 Fire: Sling             ||    21
Armor: Robe              ||     5
Dodge: Dodged            ||     8

Table legend: (Time is in decaauts)
 A = Elapsed time spent in this place.
 B = Non-inter-level travel time spent in this place.
 C = Inter-level travel time spent in this place.
 D = Time resting spent in this place.
 E = Time spent auto-exploring this place.
 F = Levels seen in this place.
 G = Mean time per level.
                   A        B        C        D        E       F      G
               +--------+--------+--------+--------+--------+-----+--------+
         Total |    341 |    341 |      0 |      0 |    273 |   1 |  341.0 |
       Dungeon |    341 |    341 |      0 |      0 |    273 |   1 |  341.0 |
               +--------+--------+--------+--------+--------+-----+--------+

Top non-repeatable levels by time:
     D:1: 341 daAuts
